 Dungeon Crawl Stone Soup version 0.27-a0-334-g52645efa06 (webtiles) character file.

Game seed: 1000210609464152019

98 sahdkjhfkaj the Sneak (level 4, 21/21 HPs)
             Began as a Felid Berserker on Feb 13, 2021.
             Was a Believer of Trog.
             Quit the game on level 5 of the Dungeon.
             The game lasted 00:01:32 (1043 turns).

sahdkjhfkaj the Sneak (Felid Berserker)             Turns: 1043, Time: 00:01:33

Health: 21/21      AC:  1    Str: 13    XL:     4   Next: 43%
Magic:  5/5        EV: 20    Int:  8    God:    Trog [**....]
Gold:   36         SH:  0    Dex: 17    Spells: 3/3 levels left
                                        Lives:  0   Deaths: 1

rFire    . . .     SeeInvis +     - Unarmed
rCold    . . .     Faith    .   (shield unavailable)
rNeg     . . .     Spirit   .   (armour unavailable)
rPois    .         Reflect  .   (helmet unavailable)
rElec    .         Harm     .   (cloak unavailable)
rCorr    .         Rampage  .   (gloves unavailable)
Will     .....                  (boots unavailable)
Stlth    ++++......             (no amulet)
HPRegen  0.07/turn              (no ring)
MPRegen  0.09/turn              (no ring)

@: quick
A: very small, no armour, no weapons or thrown items, stealth, claws 1, fangs 3,
see invisible, speed 1, shaggy fur 1, sharp paws
a: Renounce Religion, Berserk, Trog's Hand


You were on level 5 of the Dungeon.
You worshipped Trog.
Trog was pleased with you.
You visited 1 branch of the dungeon, and saw 5 of its levels.

You collected 36 gold pieces.

Inventory:

Scrolls
 a - a scroll of amnesia {unknown}
 c - a scroll of fog {unknown}


   Skills:
 - Level 3.2 Fighting
 - Level 4.4 Dodging
 + Level 6.4 Stealth
 - Level 3.6 Unarmed Combat


You had 3 spell levels left.
You didn't know any spells.
Your spell library was empty.

Dungeon Overview and Level Annotations

Branches:
Dungeon (5/15)
 Temple: D:4-7

Altars:


Innate Abilities, Weirdness & Mutations

You cannot wear armour.
You are incapable of wielding weapons or throwing items.
Your paws allow you to move quietly. (Stealth)
You have sharp claws.
You have razor-sharp teeth.
You have supernaturally acute eyesight. (SInv)
You cover ground quickly.
You are covered in fur. (AC +1)
Your sharp claws are effective at attacking unaware monsters.


Message History

The puff of frost hits you!
You feel your anger nearly subside. The white imp completely misses you.
You closely miss the white imp. Your bite misses the white imp.
The bullfrog skeleton hits you.
* * * LOW HITPOINT WARNING * * *
You closely miss the white imp.
The bullfrog skeleton barely misses you.
The white imp barely misses you.
Unknown command.
You claw the white imp!
The white imp is severely wounded.
The bullfrog skeleton hits you.
* * * LOW HITPOINT WARNING * * *
The white imp hits you.
* * * LOW HITPOINT WARNING * * *
The white imp freezes you.
* * * LOW HITPOINT WARNING * * *
You claw the white imp!
You kill the white imp!
Trog accepts your kill.
You are no longer berserk.
You are exhausted.
You feel yourself slow down.
The bullfrog skeleton closely misses you.
Unknown command.
Unknown command.
Unknown command.
It was a potion of haste.
You feel yourself speed up. The bullfrog skeleton hits you.
You die...
The bullfrog skeleton hits you.
You are now level 4!
You rejoin the land of the living...
Unknown command.
Found a stone staircase leading up.
A leopard gecko comes into view.
A leopard gecko is nearby!
A leopard gecko is nearby!
Are you sure you want to abandon this character and quit the game? (Confirm with "yes".)

##### # #########...# .
#..<........#
#.#.#######...# #.#.##
##.##
#....#######.#######l
###.....##.....@.......
.........##.#.....#####.
####.....##.#.#.#.#
#................ #..#
########.#.#.#.##.##..#
#.#.....# .##..#
......... ....#
#..###.##.. #...# ...#
.# #...


You could see a leopard gecko (asleep).

Vanquished Creatures
  An ogre (D:5)
  A howler monkey (D:4)
  A worker ant (D:4)
  An adder (D:2)
  A white imp (D:5)
  An ooze (D:1)
  A dart slug (D:3)
  4 leopard geckos
  2 orcs (D:3)
  5 bats
  A giant cockroach (D:1)
  3 hobgoblins
  3 frilled lizards
  A goblin (D:1)
  2 kobolds (D:1)
  2 rats (D:1)
30 creatures vanquished.

Notes
Turn   | Place    | Note
-------+----------+-------------------------------------------
     0 | D:1      | sahdkjhfkaj the Felid Berserker began the quest for the
                  | Orb.
     0 | D:1      | Reached XP level 1. HP: 10/10 MP: 2/2
   182 | D:1      | Reached XP level 2. HP: 7/14 MP: 3/3
   711 | D:2      | Reached skill level 1 in Stealth
   711 | D:2      | Reached XP level 3. HP: 17/17 MP: 4/4
   742 | D:3      | Reached skill level 2 in Stealth
   776 | D:4      | Reached ** piety under Trog
   777 | D:4      | Reached skill level 3 in Stealth
   777 | D:4      | Reached XP level 4. HP: 21/21 MP: 5/5
   780 | D:4      | Reached skill level 4 in Stealth
   866 | D:5      | Entered Level 5 of the Dungeon
  1002 | D:5      | Noticed an ogre
  1011 | D:5      | Killed an ogre
  1012 | D:5      | Reached skill level 6 in Stealth
  1012 | D:5      | Reached XP level 5. HP: 24/24 MP: 6/6
  1018 | D:5      | HP: 1/36 [white imp (2)]
  1020 | D:5      | Slain by a bullfrog skeleton
  1021 | D:5      | Reached XP level 4. HP: -5/21 MP: 5/5
  1043 | D:5      | Quit the game

Illustrated notes

Levels and vault maps discovered:
D:1:      elethiomel_arrival_shortcut, layout_loops_ring
D:2:      layout_loops_cross, minivault_26, kennysheep_generic_room_3,
          uniq_robin
D:3:      layout_rooms, lemuel_coloured_pillars_altar, hangedman_feature_mirror,
          uniq_natasha
D:4:      layout_cave_pods, old_standard_altar, gammafunk_temple_overflow_claw
D:5:      layout_loops_ring, lightli_temple_of_fire, uniq_eustachio

Skill      XL: |  1  2  3  4 |
---------------+-------------+-----
Stealth        | 1 3 6 |  6.4
Fighting       | |  3.2
Dodging        | |  4.4
Unarmed Combat | |  3.6

Action                   |  1- 3 |  4- 6 || total
-------------------------+-------+-------++-------
Melee: Unarmed           |    56 |    14 ||    70
       Bite              |     4 |     2 ||     6
       Punch             |       |     1 ||     1
Invok: Berserk           |     2 |     2 ||     4
  Use: Potion            |       |     1 ||     1
 Stab: Sleeping          |     5 |     1 ||     6
Armor: Skin              |     6 |       ||     6
Dodge: Dodged            |    63 |     9 ||    72

Table legend: (Time is in decaauts)
 A = Elapsed time spent in this place.
 B = Non-inter-level travel time spent in this place.
 C = Inter-level travel time spent in this place.
 D = Time resting spent in this place.
 E = Time spent auto-exploring this place.
 F = Levels seen in this place.
 G = Mean time per level.
                   A        B        C        D        E       F      G
               +--------+--------+--------+--------+--------+-----+--------+
         Total |    994 |    985 |      9 |    216 |    589 |   5 |  198.8 |
       Dungeon |    994 |    985 |      9 |    216 |    589 |   5 |  198.8 |
               +--------+--------+--------+--------+--------+-----+--------+

Top non-repeatable levels by time:
     D:1: 666 daAuts
     D:5: 164 daAuts
     D:4: 95 daAuts
     D:3: 62 daAuts
     D:2: 5 daAuts
